 Seeded DCSS version 0.30.0-15-g856e2d3f33 (webtiles) character file.

Game seed: 266710135376607070 (custom seed)

1893 Pimp the Skirmisher (level 8, -4/48 HPs)
             Began as a Deep Elf Hunter on May 18, 2023.
             Slain by a killer bee (5 damage)
             ... on level 7 of the Dungeon.
             The game lasted 00:11:33 (5496 turns).

Pimp the Skirmisher (Deep Elf Hunter)               Turns: 5496, Time: 00:11:34

Health: -4/48      AC: 14    Str:  8    XL:     8   Next: 93%
Magic:  10/10      EV: 10    Int: 24    God:
Gold:   393        SH:  0    Dex: 20    Spells: 7/7 levels left

rFire   . . .        a - +1 shortbow
rCold   . . .        (shield currently unavailable)
rNeg    . . .        r - +6 scale mail of Prudence {Int+5}
rPois   .            (no helmet)
rElec   .            s - scarf {repulsion}
rCorr   .            (no gloves)
SInv    .            A - +0 pair of boots
Will    .....        i - amulet of the Invisible Hand {Faith Int+4}
Stlth   ++           (no ring)
HPRegen 0.28/turn    (no ring)
MPRegen 0.12/turn

%: repel missiles, faith
@: lethally poisoned (-4 -> -15)
A: no striking features
a: no special abilities


You were on level 7 of the Dungeon.
You visited 1 branch of the dungeon, and saw 7 of its levels.

You collected 959 gold pieces.
You spent 566 gold pieces at shops.

Inventory:

Hand Weapons
 a - a +1 shortbow (weapon)
Armour
 c - a +1 leather armour
 r - the +6 scale mail of Prudence (worn) {Int+5}
   (You bought it in a shop on level 3 of the Dungeon)

   Int:       It affects your intelligence (+5).
 s - a scarf of repulsion (worn)
 A - a +0 pair of boots (worn)
Jewellery
 d - a ring of fire
 g - a ring of ice
 i - the amulet of the Invisible Hand (around neck) {Faith Int+4}
   (You found it on level 4 of the Dungeon)

   [amulet of faith]

   It allows you to gain divine favour quickly.
   Int:       It affects your intelligence (+4).
 l - a ring of fire
 w - a ring of protection from fire
Scrolls
 b - a scroll of immolation
 m - 2 scrolls of teleportation
Potions
 e - a potion of brilliance
 f - 2 potions of degeneration
 h - 2 potions of lignification
 n - a potion of berserk rage
 o - 4 potions of mutation
 p - 4 potions of attraction
 q - 2 potions of magic


   Skills:
 + Level 4.2 Fighting
 + Level 8.4 Ranged Weapons
 * Level 5.0 Armour
 + Level 6.2 Dodging
 + Level 6.5 Stealth


You had 7 spell levels left.
You didn't know any spells.
Your spell library contained the following spells:

 Spells                   Type           Power      Damage    Failure   Level
 Apportation              Tloc           0%         N/A       75%         1
 Necrotise                Necr           0%         1d4       75%         1
 Summon Small Mammal      Summ           0%         N/A       75%         1
 Portal Projectile        Hex/Tloc       0%         N/A       98%         3
 Tukima's Dance           Hex            0%         N/A       98%         3
 Anguish                  Hex/Necr       0%         N/A       100%        4
 Cause Fear               Hex            0%         N/A       100%        4
 Blade Hands              Tmut           0%         N/A       100%        5
 Enfeeble                 Hex            0%         N/A       100%        7


Dungeon Overview and Level Annotations

Branches:
Dungeon (7/15)
 Temple: D:4-7

Altars:
Cheibriados
Hepliaklqana
Kikubaaqudgha
Wu Jian

Shops:
D:3 [


Message History

You feel less confused.
You feel sick.
The killer bee stings you but does no damage. x2
You shoot an arrow. The arrow misses the killer bee.
The arrow closely misses the killer bee.
The arrow hits the killer bee!
The killer bee is heavily wounded.
You feel sick.
The killer bee stings you but does no damage.
The killer bee stings you.
The killer bee stings you but does no damage.
You shoot an arrow. The arrow hits the killer bee!
You kill the killer bee!
You feel sick. The killer bee stings you.
You shoot an arrow.
The arrow closely misses the killer bee.
The arrow misses the killer bee.
You feel sick.
You are no longer poisoned.
The killer bee stings you.
* * * LOW HITPOINT WARNING * * *
You are poisoned.
The killer bee poisons you! The killer bee closely misses you.
The killer bee barely misses you.
You shoot an arrow. The arrow hits the killer bee.
The killer bee is lightly wounded.
You feel very sick. The killer bee barely misses you.
The killer bee stings you.
* * * LOW HITPOINT WARNING * * *
The killer bee stings you but does no damage.
Do you really want to go berserk while wielding your +1 shortbow?
Okay, then.
You shoot an arrow.
The arrow closely misses the killer bee. x2
You feel sick.
The killer bee stings you but does no damage.
The killer bee stings you.
* * * LOW HITPOINT WARNING * * *
You are more poisoned.
The killer bee poisons you! The killer bee stings you.
You die...

........ #.#
....#### #.#
....... ##.#
##.#### # #..#
.# #. #.## .#
#. #.# .# #..
#.#
###..#######.#
#.......yy@..#
....###.#######
# #.....#
#.###.# ..# #.#
#.# #.# ...


You could see 2 killer bees.

Vanquished Creatures
  Sigmund (D:4)
  Eustachio (D:5)
  Menkaure (D:6)
  A water moccasin (D:7)
  A sky beast (D:6)
  2 ice beasts
  A centaur (D:6)
  2 phantoms
  A bullfrog (D:6)
  2 scorpions (D:6)
  4 killer bees (D:7)
  3 hounds
  A sleepcap (D:6)
  3 iguanas
  2 orc wizards (D:6)
  A mummy (D:4)
  7 adders
  7 gnolls
  A shadow imp (D:6)
  2 ufetubi
  2 worms (D:2)
  4 dart slugs
  6 orcs (D:6)
  9 endoplasms
  A giant cockroach (D:2)
  4 goblins
  10 hobgoblins
  4 quokkas
  5 ball pythons
  3 bats
  4 kobolds
  10 rats
106 creatures vanquished.

Notes
Turn   | Place    | Note
-------+----------+-------------------------------------------
     0 | D:1      | Pimp the Deep Elf Hunter began the quest for the Orb.
     0 | D:1      | Reached XP level 1. HP: 12/12 MP: 3/3
   160 | D:1      | Reached XP level 2. HP: 17/17 MP: 4/4
   565 | D:2      | Reached XP level 3. HP: 21/21 MP: 5/5
   666 | D:2      | Identified a scroll of acquirement
   666 | D:2      | Acquired 637 gold pieces
  1070 | D:2      | You fall into a shaft and drop 2 floors!
  1076 | D:4      | Reached XP level 4. HP: 26/26 MP: 6/6
  1078 | D:4      | Noticed Sigmund
  1210 | D:3      | Found Guyxotun's Armour Emporium.
  1218 | D:3      | Bought the +6 scale mail of Prudence {Int+5} for 566 gold
                  | pieces
  1247 | D:3      | Reached skill level 6 in Ranged Weapons
  1579 | D:3      | Reached skill level 1 in Armour
  1579 | D:3      | Reached XP level 5. HP: 14/31 MP: 7/7
  1775 | D:4      | Noticed a phantom
  1900 | D:4      | Killed a phantom
  2045 | D:4      | Noticed a two-headed ogre
  2216 | D:4      | Identified the amulet of the Invisible Hand {Faith Int+4}
  2264 | D:4      | Reached XP level 6. HP: 36/36 MP: 8/8
  2264 | D:4      | Found a snail-covered altar of Cheibriados.
  2575 | D:4      | Killed Sigmund
  2997 | D:4      | Found an ornate altar of the Wu Jian Council.
  3021 | D:5      | Entered Level 5 of the Dungeon
  3091 | D:5      | Found an ancient bone altar of Kikubaaqudgha.
  3112 | D:5      | Noticed Eustachio
  3182 | D:5      | Killed Eustachio
  3183 | D:5      | Reached XP level 7. HP: 40/41 MP: 9/9
  3291 | D:5      | Found a hazy altar of Hepliaklqana.
  3640 | D:5      | Reached skill level 7 in Ranged Weapons
  3818 | D:6      | Reached skill level 5 in Dodging
  3818 | D:6      | Reached skill level 5 in Stealth
  4060 | D:6      | Reached XP level 8. HP: 44/46 MP: 10/10
  4673 | D:6      | Noticed Menkaure
  4686 | D:6      | Killed Menkaure
  4694 | D:6      | Reached skill level 8 in Ranged Weapons
  5484 | D:7      | Reached skill level 5 in Armour
  5496 | D:7      | HP: 1/48 [killer bee (5)]
  5496 | D:7      | Slain by a killer bee

Illustrated notes

Levels and vault maps discovered:
D:1:      wander_arrival_estate, layout_basic, st_stairs_9,
          minmay_tiny_reverse_x
D:2:      layout_basic
D:3:      layout_rooms, serial_shops, shop, roderic_serpentine_path
D:4:      cheibrodos_quashed, layout_rooms, slow_altar_1, kennysheep_little_box,
          uniq_sigmund
D:5:      layout_loops_ring, overflow_temple_1_default, amcnicky_altar_gilded,
          uniq_eustachio
D:6:      layout_loops_cross, uniq_menkaure
D:7:      layout_loops_ring, minmay_temple_entry_junction, uniq_prince_ribbit1

Skill      XL: |  1  2  3  4  5  6  7  8 |
---------------+-------------------------+-----
Stealth        | 2 3 4 5 6 |  6.5
Fighting       | 2 3 4 |  4.2
Dodging        | 3 4 5 6 |  6.2
Ranged Weapons | 6 7 8 |  8.4
Armour         | 1 2 3 5 |  5.0

Action                     |  1- 3 |  4- 6 |  7- 9 || total
---------------------------+-------+-------+-------++-------
   Fire: Shortbow          |    87 |   176 |   211 ||   474
  Evoke: Wand              |       |       |     3 ||     3
    Use: Scroll            |     1 |    15 |     7 ||    23
         Potion            |       |       |     7 ||     7
 Armour: Leather armour    |    13 |     1 |       ||    14
         Scale mail        |       |    88 |   129 ||   217
  Dodge: Dodged            |    18 |    83 |   130 ||   231
         Repelled          |       |     3 |       ||     3
